 Dungeon Crawl Stone Soup version 0.21.1-1-g345015f (webtiles) character file.

4874 Solrac the Basher (level 10, -4/100 HPs)
             Began as a Troll Berserker on Mar 17, 2018.
             Was a High Priest of Trog.
             Slain by an unseen horror (9 damage)
             ... on level 10 of the Dungeon.
             The game lasted 00:23:37 (6354 turns).

Solrac the Basher (Troll Berserker)                 Turns: 6354, Time: 00:23:37

Health: -4/100     AC: 10    Str: 30    XL:     10   Next: 26%
Magic:  9/9        EV: 13    Int:  4    God:    Trog [*****.]
Gold:   435        SH:  0    Dex: 11    Spells: 9/9 levels left

rFire    . . .     SeeInvis .   x - +2 flail (protect)
rCold    . . .     Gourm    +   (no shield)
rNeg     . . .     Faith    .   I - +2 robe {MR+}
rPois    .         Spirit   .   (helmet restricted)
rElec    .         Reflect  .   k - +2 cloak
rCorr    .         Harm     .   (gloves unavailable)
MR       +++..                  (boots unavailable)
Stlth    +.........             (no amulet)
HPRegen  1.66/turn              G - +3 ring of strength
MPRegen  0.11/turn              K - ring of flight

@: regenerating
A: large, unfitting armour, claws 3, fast metabolism 3, gourmand, regeneration
1, shaggy fur 1, tough skin 2
a: Berserk, Trog's Hand, Brothers in Arms, Burn Spellbooks, Renounce Religion,
Evoke Flight


You were on level 10 of the Dungeon.
You worshipped Trog.
Trog was extremely pleased with you.
You were full.

You visited 1 branch of the dungeon, and saw 8 of its levels.

You collected 435 gold pieces.

Inventory:

Hand Weapons
 x - a +2 flail of protection (weapon)
 C - a +0 giant spiked club
Missiles
 f - 2 steel tomahawks
 g - 109 stones (quivered)
 v - 4 tomahawks
 w - 6 javelins
Armour
 k - a +2 cloak (worn)
 I - a +2 robe of magic resistance (worn)
Jewellery
 G - a +3 ring of strength (left claw)
 K - a ring of flight (right claw)
Scrolls
 e - a scroll of blinking {unknown}
 h - 3 scrolls of fog
 j - a scroll of noise {unknown}
 o - 5 scrolls of teleportation
 q - 3 scrolls of remove curse
 r - 2 scrolls of enchant armour
 s - 2 scrolls of enchant weapon
 t - a scroll of magic mapping {unknown}
Potions
 a - a potion of agility {unknown}
 d - a potion of brilliance {unknown}
 i - 5 potions of flight
 l - 2 potions of curing {unknown}
 m - a potion of resistance
 n - 3 potions of heal wounds
 p - 4 potions of lignification
 A - a potion of cancellation {unknown}
 E - 2 potions of might {unknown}
 H - 2 potions of magic {unknown}
Comestibles
 b - 2 chunks of flesh
 c - 15 rations


   Skills:
 + Level 6.4 Fighting
 + Level 10.4 Maces & Flails
 + Level 7.0 Dodging


You had 9 spell levels left.
You didn't know any spells.

Dungeon Overview and Level Annotations

Branches:
Dungeon (7/15)             Temple (0/1) D:6            Lair (0/6) D:10

Altars:
Fedhas
Okawaru
Sif Muna
Vehumet
Wu Jian

Shops:
D:5 *


Innate Abilities, Weirdness & Mutations

You are too large for most types of armour.
You have claws for hands.
Your metabolism is lightning-fast.
You like to eat raw meat.
Your natural rate of healing is unusually fast.
You are covered in fur. (AC +1)
You have very tough skin. (AC +2)


Message History

Something hits you. Something hits you but does no damage. Something hits you.
Something hits you but does no damage. Something hits you. Something hits you!
* * * LOW HITPOINT WARNING * * *
There is an open door, spattered with blood here.
Something hits you!
* * * LOW HITPOINT WARNING * * *
Something hits you but does no damage. Something barely misses you.
Something hits you but does no damage. Something hits you.
* * * LOW HITPOINT WARNING * * *
Something hits you but does no damage. Something hits you!
* * * LOW HITPOINT WARNING * * *
Your skin crawls.
You feel resistant to hostile enchantments.
You feel somewhat less full. Something hits you!
You die...

#.........# #.)...).....##
########'## ###.........'.
#..# #.........## ##.#
########+## #.# #.# #.# #.#
###########'## #.#
#............# ###.#
#........>.@.# #...#
#............#########.#####
#............'..>....>......
#............#########.#####
#######'###### #..# #.# #.##
#.# #.# #.## #.# #..# #+#


There were no monsters in sight!

Vanquished Creatures
  The ghost of Phong the Martial Artist, a novice OpWn (D:7)
  Pikel (D:6)
  Sigmund (D:4)
  3 yaks (D:7)
  Duvessa (D:6)
  An orc warrior (D:10)
  2 ice beasts (D:10)
  3 phantoms
  A sky beast (D:7)
  6 ogres
  2 bullfrogs
  A water moccasin zombie (D:6)
  Dowan (D:6)
  6 killer bees (D:10)
  2 howler monkeys (D:6)
  7 wights (D:7)
  4 jellies
  2 crimson imps
  A bullfrog zombie (D:5)
  4 hounds
  Crazy Yiuf (D:6)
  A gnoll shaman (D:5)
  4 orc priests
  8 orc wizards
  Natasha (thrice) (D:3)
  4 iguanas
  2 worker ants
  A hound zombie (D:10)
  A hound skeleton (D:5)
  12 gnolls
  9 adders
  A shadow imp (D:5)
  2 worms
  2 dart slugs
  2 leopard geckos
  24 orcs
  2 giant cockroaches
  6 goblins
  6 hobgoblins
  11 jackals
  4 kobolds
  A quokka (D:3)
  9 bats
  3 frilled lizards
  9 rats
178 creatures vanquished.

Notes
Turn   | Place    | Note
-------+----------+-------------------------------------------
     0 | D:1      | Solrac the Troll Berserker began the quest for the Orb.
     0 | D:1      | Reached XP level 1. HP: 22/22 MP: 0/0
    98 | D:1      | Reached XP level 2. HP: 29/29 MP: 1/1
   113 | D:1      | Reached skill level 3 in Maces & Flails
   215 | D:1      | You fall through a shaft!
   240 | D:2      | Reached XP level 3. HP: 36/36 MP: 2/2
   425 | D:2      | Reached ** piety under Trog
  1039 | D:3      | Reached XP level 4. HP: 43/45 MP: 3/3
  1170 | D:3      | Noticed Natasha
  1197 | D:3      | Killed Natasha
  1387 | D:3      | Reached skill level 4 in Maces & Flails
  1444 | D:3      | Noticed Natasha
  1457 | D:3      | Killed Natasha
  1457 | D:3      | Reached XP level 5. HP: 29/53 MP: 4/4
  1817 | D:3      | Noticed Natasha
  1821 | D:3      | Killed Natasha
  1862 | D:3      | Reached *** piety under Trog
  1941 | D:4      | Noticed Sigmund
  1950 | D:4      | Killed Sigmund
  1950 | D:4      | Reached skill level 5 in Maces & Flails
  1950 | D:4      | Reached XP level 6. HP: 61/61 MP: 5/5
  2069 | D:4      | Reached XP level 7. HP: 64/68 MP: 6/6
  2351 | D:4      | Reached skill level 6 in Maces & Flails
  2683 | D:4      | Reached **** piety under Trog
  2701 | D:4      | Found an ornate altar of the Wu Jian Council.
  2833 | D:5      | Entered Level 5 of the Dungeon
  2977 | D:5      | Reached XP level 8. HP: 45/78 MP: 7/7
  3143 | D:5      | Found an iron altar of Okawaru.
  3408 | D:5      | Reached skill level 7 in Maces & Flails
  3819 | D:5      | Found Libudd's Assorted Antiques.
  4060 | D:6      | Reached ***** piety under Trog
  4067 | D:6      | Reached skill level 5 in Dodging
  4214 | D:6      | Reached skill level 5 in Fighting
  4214 | D:6      | Reached skill level 8 in Maces & Flails
  4266 | D:6      | Found a runed door.
  4270 | D:6      | Noticed Crazy Yiuf
  4275 | D:6      | Killed Crazy Yiuf
  4426 | D:6      | Noticed Duvessa
  4428 | D:6      | Noticed Dowan
  4438 | D:6      | Killed Duvessa
  4449 | D:6      | Killed Dowan
  4449 | D:6      | Reached XP level 9. HP: 47/88 MP: 8/8
  4527 | D:6      | Noticed Pikel
  4549 | D:6      | Killed Pikel
  4553 | D:6      | Found a staircase to the Ecumenical Temple.
  4806 | D:7      | Found a radiant altar of Vehumet.
  4844 | D:7      | Noticed Phong's ghost (novice OpWn)
  4879 | D:7      | Killed Phong's ghost
  4879 | D:7      | Reached skill level 9 in Maces & Flails
  5306 | D:7      | Reached XP level 10. HP: 93/98 MP: 9/9
  5310 | D:7      | Reached skill level 10 in Maces & Flails
  5744 | D:7      | Found a deep blue altar of Sif Muna.
  5754 | D:7      | Found a blossoming altar of Fedhas.
  5790 | D:7      | You fall through a shaft for 3 floors!
  5790 | D:10     | Entered Level 10 of the Dungeon
  6220 | D:10     | Found a staircase to the Lair.
  6353 | D:10     | HP: 3/100 [something (12)]
  6354 | D:10     | Slain by an unseen horror

Skill      XL: |  1  2  3  4  5  6  7  8  9 10 |
---------------+-------------------------------+-----
Maces & Flails | 3 4 5 6 8 9 10 | 10.4
Fighting       | 3 4 5 6 |  6.4
Dodging        | 3 4 5 6 7 |  7.0

Action                   |  1- 3 |  4- 6 |  7- 9 | 10-12 || total
-------------------------+-------+-------+-------+-------++-------
Melee: Mace              |    90 |   126 |    22 |       ||   238
       Flail             |       |       |   294 |   111 ||   405
       Giant club        |       |       |    39 |       ||    39
       Giant spiked club |       |       |    92 |       ||    92
Invok: Berserk           |       |       |     2 |       ||     2
       Burn Spellbooks   |       |       |     1 |       ||     1
       Trog's Hand       |       |       |       |     1 ||     1
  Use: Scroll            |       |     3 |     5 |     1 ||     9
  Eat: Chunk             |    15 |    10 |    33 |     6 ||    64
Armor: Animal skin       |    44 |    59 |   125 |       ||   228
       Robe              |       |       |    96 |    52 ||   148
Dodge: Dodged            |    73 |    79 |   291 |    75 ||   518
